 Dungeon Crawl Stone Soup version 0.28.0-53-g5a82cb258f (webtiles) character file.

Game seed: 14506740446363444361

701 wrshamilton the Twirler (level 7, -2/61 HPs)
             Began as a Minotaur Venom Mage on July 13, 2022.
             Slain by a gnoll
             ... wielding the +5 halberd of the Crushed Knaves {venom, rElec Str+3}
              (11 damage)
             ... on level 3 of the Dungeon on July 15, 2022.
             The game lasted 00:40:26 (5689 turns).

wrshamilton the Twirler (Minotaur Venom Mage)       Turns: 5689, Time: 00:40:27

Health: -2/61      AC:  7    Str: 12    XL:     7   Next: 38%
Magic:  8/8        EV: 10    Int: 14    God:
Gold:   175        SH:  0    Dex: 11    Spells: 5/8 levels left

rFire   . . .      SeeInvis .   a - +0 spear
rCold   . . .      Faith    .   (no shield)
rNeg    . . .      Spirit   .   t - +2 ring mail {Will+}
rPois   .          Reflect  .   (helmet restricted)
rElec   .          Harm     .   (no cloak)
rCorr   .          Rampage  .   (no gloves)
Will    +....                   (no boots)
Stlth   +.........              (no amulet)
HPRegen 0.20/turn               (no ring)
MPRegen 0.11/turn               (no ring)

@: lethally poisoned (-2 -> -17)
A: horns 2, retaliatory headbutt
a: no special abilities


You were on level 3 of the Dungeon.
You visited 1 branch of the dungeon, and saw 5 of its levels.
You also visited: Ossuary.

You collected 192 gold pieces.
You spent 17 gold pieces at shops.

Inventory:

Hand Weapons
 a - a +0 spear (weapon)
 b - a +0 shortbow
 f - a +0 club
 s - a +2 dagger of freezing
 v - the +7 arbalest of Suicidal Tendencies {vorpal, rElec}
   (You found it on level 5 of the Dungeon)

   Any ammunition fired from it inflicts extra damage upon your enemies.
   rElec:     It insulates you from electricity.
Missiles
 i - 58 stones (quivered)
 j - 5 atropa-tipped darts
 p - 119 arrows
 x - 6 boomerangs of dispersal
Armour
 m - a +0 ring mail
 q - a +0 chain mail
 t - a +2 ring mail of willpower (worn)
Magical Staves
 l - a staff of fire
Scrolls
 c - a scroll of identify
 d - 4 scrolls of teleportation
 e - a scroll of blinking {unknown}
 k - a scroll of magic mapping {unknown}
 r - 2 scrolls of noise {unknown}
 u - a scroll of fog {unknown}
Potions
 g - a potion of cancellation
 h - 2 potions of brilliance
 n - 2 potions of magic {unknown}
 o - a potion of curing {unknown}
 w - a potion of flight
 z - a potion of might {unknown}


   Skills:
 - Level 5.0 Fighting
 * Level 6.1 Staves
 - Level 2.6 Crossbows
 + Level 0.3 Armour
 - Level 2.1 Dodging
 - Level 1.5 Stealth
 - Level 1.3 Spellcasting
 - Level 0.7 Transmutations
 - Level 0.1 Air Magic
 - Level 3.3 Poison Magic


You had 5 spell levels left.
You knew the following spells:

 Your Spells              Type           Power      Damage    Failure   Level
a - Sting                 Tmut/Pois      24%        1d4       26%         1
b - Poisonous Vapours     Pois/Air       10%        N/A       41%         2

Your spell library contained the following spells:

 Spells                   Type           Power      Damage    Failure   Level
 Mephitic Cloud           Conj/Pois/Air  4%         N/A       73%         3
 Olgreb's Toxic Radiance  Pois           10%        N/A       83%         4


Dungeon Overview and Level Annotations

Branches:
Dungeon (5/15)            Ossuary (visited)
 Temple: D:4-7

Altars:

Shops:
D:1 *   D:2 *

Annotations:
D:3 1 transporter, Kazon's ghost, weakling KoFi
D:5 Menkaure


Innate Abilities, Weirdness & Mutations

You have a pair of horns on your head.
You reflexively headbutt those who attack you in melee.


Message History

You shoot an arrow. The arrow barely misses the adder.
a - a +0 spear (weapon)
The adder barely misses you. You furiously retaliate!
You headbutt the adder! You miss the adder. You headbutt the adder.
You kill the adder!
b - a +0 shortbow (weapon)
You see here an adder corpse.
p - 119 arrows (gained 1) Partly explored, unvisited transporter.
The gnoll shouts!
The gnoll shouts!
The gnoll shouts!
You hear a shout!
There is a transporter here.
You enter the transporter and appear at another place.
The gnoll shouts!
a - a +0 spear (weapon)
You reach to attack!
You hit the gnoll.
The gnoll is moderately wounded.
The gnoll hits you from afar with the +5 halberd of the Crushed Knaves {venom, rElec Str+3}.
You are poisoned.
You reach to attack!
You hit the gnoll.
The gnoll is heavily wounded.
You feel very sick.
The gnoll hits you from afar with the +5 halberd of the Crushed Knaves {venom, rElec Str+3}!!
You are more poisoned.
You reach to attack!
You barely miss the gnoll.
The gnoll is heavily wounded.
You feel very sick. The gnoll barely misses you.
You reach to attack!
You hit the gnoll.
The gnoll is severely wounded.
You feel very sick.
The gnoll hits you from afar with the +5 halberd of the Crushed Knaves {venom, rElec Str+3}!
* * * LOW HITPOINT WARNING * * *
You are too injured to fight recklessly!
It was a potion of cancellation.
You feel magically purged.
* * * LOW HITPOINT WARNING * * *
You feel very sick.
The gnoll hits you from afar with the +5 halberd of the Crushed Knaves {venom, rElec Str+3}!
You die...

#..≈≈##.###g###.##≈≈.....###
######..≈≈#....g.....g#≈≈..##.# #
........≈≈###.##W##.###≈≈..##.# #
#.#####.≈≈..#.# $#.#..≈≈.###.# #
#.......≈≈.##.# #.##.≈≈.# #.# #
#.#####.≈≈.#©.# #..#.≈≈.# #.# #
..#####.≈≈.##.#####.##.≈≈.###.###
........≈≈..#.#8⌠8#.#............
#######.≈≈.©#.g.@.'.#©...........
#######.≈≈..#.#...#.#......######
........≈≈.##.##.##.##.≈≈..#
....##..≈≈.#.g#... .g#.≈≈..#
###.###.≈≈.##.'...+.##.≈≈..#
#.##..≈≈..#.#...# #..≈≈..#
#.##..≈≈###.##'##.###≈≈..# #
#.##..≈≈#....... ...#≈≈.## #
#.##..≈≈##.###.###.##≈≈.#


You could see a gnoll.

Vanquished Creatures
  3 ogres
  A centaur (D:5)
  A scorpion (D:5)
  A hound (D:5)
  A jelly (D:5)
  An iguana (D:5)
  3 mummies
  Robin (D:2)
  5 gnolls
  6 adders
  3 dart slugs (D:1)
  2 worms
  9 bats
  5 endoplasms
  4 giant cockroaches
  2 gnoll zombies (Ossuary)
  10 hobgoblins
  2 jackals (D:1)
  3 quokkas
  7 ball pythons
  3 frilled lizards
  9 goblins
  2 hobgoblin zombies (Ossuary)
  2 orc zombies (Ossuary)
  4 rats
90 creatures vanquished.

Vanquished Creatures (others)
  6 plants (D:3)
  4 toadstools (D:1)
10 creatures vanquished.

Grand Total: 100 creatures vanquished

Notes
Turn   | Place    | Note
-------+----------+-------------------------------------------
     0 | D:1      | wrshamilton the Minotaur Venom Mage began the quest for the
                  | Orb.
     0 | D:1      | Reached XP level 1. HP: 14/14 MP: 1/1
   274 | D:1      | Reached XP level 2. HP: 20/20 MP: 0/3
   277 | D:1      | Learned a level 2 spell: Poisonous Vapours
   696 | D:1      | Found Pait's Assorted Antiques.
   730 | D:1      | Bought a scroll labelled DOAR KIUQYNEOZAU for 17 gold
                  | pieces
  1101 | D:1      | Reached XP level 3. HP: 13/26 MP: 0/4
  1707 | D:2      | Reached skill level 1 in Staves
  1857 | D:2      | Reached XP level 4. HP: 34/34 MP: 3/5
  1924 | D:2      | Found Yteow's General Store.
  1945 | D:2      | Reached skill level 2 in Staves
  2077 | D:2      | Noticed Robin
  2668 | D:2      | Killed Robin
  2669 | D:2      | Reached skill level 3 in Staves
  2693 | D:2      | Reached skill level 1 in Fighting
  3010 | D:3      | Found a transporter.
  3011 | D:3      | Identified the +5 halberd of the Crushed Knaves {venom,
                  | rElec Str+3}
  3069 | D:3      | Found a transporter.
  3330 | D:3      | Found a faded altar of an unknown god.
  3398 | D:3      | You fall into a shaft and drop 2 floors!
  3398 | D:5      | Entered Level 5 of the Dungeon
  3398 | D:5      | Noticed a centaur
  3403 | D:5      | Reached XP level 5. HP: 29/40 MP: 6/6
  3414 | D:5      | Killed a centaur
  3415 | D:5      | Reached skill level 4 in Staves
  3421 | D:5      | Identified the +7 arbalest of Suicidal Tendencies {vorpal,
                  | rElec}
  3632 | D:5      | Reached skill level 1 in Crossbows
  3661 | D:5      | Reached XP level 6. HP: 42/50 MP: 7/7
  3825 | D:5      | Found a sand-covered staircase.
  3831 | Ossuary  | Entered an ossuary
  4104 | D:5      | Reached skill level 5 in Staves
  4216 | D:5      | Reached XP level 7. HP: 41/59 MP: 6/8
  4345 | D:4      | Noticed Menkaure
  5277 | D:4      | Reached skill level 5 in Fighting
  5277 | D:4      | Reached skill level 6 in Staves
  5661 | D:3      | Noticed Kazon's ghost (weakling KoFi)
  5689 | D:3      | Slain by a gnoll

Illustrated notes

Levels and vault maps discovered:
D:1:      ldierk_water_garden, layout_basic, serial_shops, nicolae_square_shop,
          minmay_misc_feat_tiny
D:2:      layout_rooms, serial_shops, shop, uniq_robin
D:3:      layout_loops_ring, gammafunk_ghost_gnarly_gnolls,
          basic_ecumenical_altar, chequers_serial_rivers_small_b
D:4:      layout_loops_corners, serial_shops, nicolae_shop_waterfront,
          hangedman_abyss_or_decor_jellyfish_corner, uniq_ijyb, uniq_menkaure,
          uniq_sigmund
D:5:      layout_basic, nicolae_overflow_hallway_of_the_gods,
          gup_ossuary_entry_pyramid

Skill      XL: |  1  2  3  4  5  6  7 |
---------------+----------------------+-----
Poison Magic   | 3 |  3.3
Staves         | 1 3 4 5 6 |  6.1
Fighting       | 1 2 4 5 |  5.0
Crossbows      | 1 2 |  2.6
Armour         | |  0.3
Dodging        | |  2.1
Stealth        | |  1.5
Spellcasting   | |  1.3
Transmutations | |  0.7
Air Magic      | |  0.1

Action                   |  1- 3 |  4- 6 |  7- 9 || total
-------------------------+-------+-------+-------++-------
Melee: Unarmed           |    23 |       |       ||    23
       Headbutt          |     4 |    13 |     8 ||    25
       Spear             |    31 |   119 |    30 ||   180
       Punch             |       |       |     1 ||     1
 Fire: Arbalest          |       |    37 |       ||    37
       Shortbow          |       |       |     2 ||     2
Throw: Stone             |     4 |    29 |     5 ||    38
 Cast: Sting             |    38 |    13 |     4 ||    55
       Poisonous Vapours |     2 |       |       ||     2
  Use: Scroll            |     2 |     2 |     1 ||     5
       Potion            |       |       |     1 ||     1
 Stab: Sleeping          |     1 |     2 |       ||     3
Armor: Robe              |    10 |       |       ||    10
       Leather armour    |    16 |    21 |       ||    37
       Ring mail         |       |    43 |     3 ||    46
Dodge: Dodged            |    45 |    69 |    10 ||   124
